 Dungeon Sprint DCSS version 0.21-a0-414-gba8bdf1 (webtiles) character file.

3875 Kidiri the Fighter (level 10, -2/145 HPs)
             Began as a Purple Draconian Chaos Knight on Nov 2, 2017.
             Slain by a black mamba (15 damage)
             ... in the Dungeon (Sprint IX: "|||||||||||||||||||||||||||||").
             The game lasted 00:06:32 (1545 turns).

Kidiri the Fighter (Purple Draconian Chaos Knight)  Turns: 1545, Time: 00:06:33

Health: -2/145     AC:  9    Str: 27    XL:     10   Next: 0%
Magic:  22/22      EV: 18    Int: 12    God:    Xom [.*....]
Gold:   0          SH:  0    Dex: 13    Spells: 25/25 levels left

rFire    . . .     SeeInvis .   a - +2 scimitar (flame)
rCold    . . .     Gourm    .   (no shield)
rNeg     . . .     Faith    .   (armour unavailable)
rPois    .         Spirit   .   (helmet restricted)
rElec    .         Reflect  .   p - +0 cloak
rCorr    .         Harm     .   (no gloves)
MR       +....     NoTele   +   o - +0 pair of boots
Stlth    ..........             (no amulet)
HPRegen  0.34/turn              q - +3 ring of dexterity
MPRegen  0.18/turn              r - +3 ring of strength

@: berserking, very quick
A: breathe power, unfitting armour, fangs 1, wild magic 1, cold-blooded, AC +7
a: Breathe Dispelling Energy, Renounce Religion


You were in the Dungeon.
You worshipped Xom.
You were a plaything of Xom.
You were not hungry.

You visited 1 branch

Inventory:

Hand Weapons
 a - a +2 scimitar of flaming (weapon)
Missiles
 j - 3 stones (quivered)
Armour
 o - a +0 pair of boots (worn)
 p - a +0 cloak (worn)
Jewellery
 q - a +3 ring of dexterity (left hand)
 r - a +3 ring of strength (right hand)
Wands
 n - a wand of acid (6/15)
Scrolls
 h - 2 scrolls of blinking
 i - 2 scrolls of enchant armour
 l - 4 scrolls of remove curse
 m - 2 scrolls of amnesia
 s - a scroll of identify
 t - 2 scrolls of enchant weapon
 u - a scroll of fog
Potions
 b - 3 potions of agility
 c - a potion of invisibility
 e - a potion of haste
 f - 4 potions of magic
 g - a potion of berserk rage
 k - 2 potions of curing


   Skills:
 * Level 12.0 Fighting
 * Level 11.1 Long Blades
 + Level 6.8 Throwing
 * Level 10.1 Dodging
 + Level 7.5 Stealth
 + Level 8.2 Spellcasting
 + Level 6.8 Evocations


You had 25 spell levels left.
You didn't know any spells.

Dungeon Overview and Level Annotations

Branches:
Dungeon (1/1)

Altars:
Cheibriados
Dithmenos
Elyvilon
Fedhas
Gozag
Hepliaklqana
Kikubaaqudgha
Makhleb
Nemelex Xobeh
Okawaru
Qazlal
Ru
Sif Muna
Trog
Uskayaw
Vehumet
Wu Jian
Xom
Yredelemnul
Zin
The Shining One
Beogh
Jiyva
Lugonu


Innate Abilities, Weirdness & Mutations

You can breathe bolts of dispelling energy.
Your rich purple scales are hard. (AC +7)
You cannot fit into any form of body armour.
You are cold-blooded and may be slowed by cold attacks.
You have very sharp teeth.
Your spells are a little harder to cast, but a little more powerful.


Message History

You have got your breath back.
The black mamba completely misses you. The black mamba bites you!
* * * LOW HITPOINT WARNING * * *
A red film seems to cover your vision as you go berserk!
You feel yourself moving faster!
You feel mighty!
Xom is amused.
The black mamba closely misses you.
You riposte.
You completely miss the black mamba.
The black mamba is lightly wounded.
You slash the black mamba! You burn the black mamba.
The black mamba is heavily wounded.
The black mamba bites you!
* * * LOW HITPOINT WARNING * * *
The black mamba barely misses you.
Unknown command.
You barely miss the black mamba.
Your tail-slap misses the black mamba.
The black mamba is heavily wounded.
The black mamba bites you!
You die...
Xom is highly amused!
OWeO OOOOO oooooooooooo ooooooooooooo o ▓▓▓▓▓▓▓▓▓▓▓▓▓▓▓▓▓▓▓▓▓▓▓▓ hh h F

..FSYFS@.......%'.....[|
▓▓▓▓▓▓▓▓▓▓▓▓▓▓▓▓▓▓▓▓▓▓▓▓▓▓▓▓▓▓▓▓▓
......S..........................
▓▓▓▓▓▓▓▓▓▓▓▓▓▓▓▓▓▓▓▓▓▓▓▓▓▓▓▓▓▓▓▓▓
.)|Y.'________________________'..
▓▓▓▓▓▓▓▓▓▓▓▓▓▓▓▓▓▓▓▓▓▓▓▓▓▓▓▓▓▓▓▓▓


You could see a black mamba, a yak, 2 spiny frogs and a water moccasin.

Vanquished Creatures
  A hydra (D)
  A two-headed ogre (D)
  A black mamba (D)
  2 spiny frogs (D)
  A troll (D)
  2 water moccasins (D)
  3 porcupines (D)
  An orc warrior (D)
  A sky beast (D)
  A black bear (D)
  An ice beast (D)
  3 crocodiles (D)
  A wolf (D)
  A bullfrog (D)
  A jelly (D)
  A hound (D)
  An orc priest (D)
  A worker ant (D)
  A shadow imp (D)
  An adder skeleton (D)
  An orc (D)
  2 bats (D)
  A goblin (D)
  2 frilled lizards (D)
  2 kobolds (D)
34 creatures vanquished.

Vanquished Creatures (collateral kills)
  An ogre (D)
1 creature vanquished.

Vanquished Creatures (others)
  A spatial maelstrom (D)
1 creature vanquished.

Grand Total: 36 creatures vanquished

Notes
Turn   | Place    | Note
-------+----------+-------------------------------------------
     0 | D        | Kidiri the Draconian Chaos Knight began the quest for the Orb.
     0 | D        | Reached XP level 1. HP: 19/19 MP: 1/1
     1 | D        | Banished a spatial maelstrom
   140 | D        | Noticed a sky beast
   140 | D        | Noticed an orc priest
   140 | D        | XOM: potion effect (invisibility)
   148 | D        | Killed an orc priest
   148 | D        | Reached skill level 4 in Fighting
   148 | D        | Reached skill level 1 in Throwing
   148 | D        | Reached skill level 1 in Stealth
   148 | D        | Reached skill level 1 in Spellcasting
   148 | D        | Reached XP level 2. HP: 22/28 MP: 1/4
   148 | D        | Reached XP level 3. HP: 27/34 MP: 1/5
   168 | D        | Killed a sky beast
   168 | D        | Reached skill level 6 in Fighting
   168 | D        | Reached skill level 5 in Long Blades
   168 | D        | Reached XP level 4. HP: 21/44 MP: 2/7
   187 | D        | Found a roughly hewn altar of Beogh.
   187 | D        | Found a snail-covered altar of Cheibriados.
   187 | D        | Found a shadowy altar of Dithmenos.
   187 | D        | Found a white marble altar of Elyvilon.
   187 | D        | Found a blossoming altar of Fedhas.
   187 | D        | Found an opulent altar of Gozag.
   188 | D        | Found a hazy altar of Hepliaklqana.
   189 | D        | Found a viscous altar of Jiyva.
   190 | D        | Found an ancient bone altar of Kikubaaqudgha.
   191 | D        | Found a corrupted altar of Lugonu.
   192 | D        | Found a burning altar of Makhleb.
   193 | D        | Found a sparkling altar of Nemelex Xobeh.
   194 | D        | Found an iron altar of Okawaru.
   195 | D        | Found a stormy altar of Qazlal.
   196 | D        | Found a sacrificial altar of Ru.
   197 | D        | Found a deep blue altar of Sif Muna.
   198 | D        | Found a bloodstained altar of Trog.
   199 | D        | Found a hide-covered altar of Uskayaw.
   200 | D        | Found a radiant altar of Vehumet.
   201 | D        | Found an ornate altar of the Wu Jian Council.
   202 | D        | Found a shimmering altar of Xom.
   203 | D        | Found a basalt altar of Yredelemnul.
   204 | D        | Found a glowing silver altar of Zin.
   205 | D        | Found a glowing golden altar of the Shining One.
   331 | D        | Noticed an orc warrior
   331 | D        | Noticed a black bear
   340 | D        | Killed a black bear
   340 | D        | Reached skill level 5 in Dodging
   340 | D        | Reached XP level 5. HP: 41/51 MP: 7/9
   342 | D        | Reached skill level 7 in Fighting
   347 | D        | Reached XP level 6. HP: 31/60 MP: 7/11
   354 | D        | XOM: summons 2 friendly demons
   355 | D        | HP: 2/60 [orc warrior/glaive (23)]
   361 | D        | XOM: summons 3 friendly demons
   369 | D        | Killed an orc warrior
   369 | D        | Reached skill level 1 in Evocations
   373 | D        | Reached skill level 8 in Fighting
   515 | D        | Noticed a two-headed ogre
   515 | D        | Noticed an ice beast
   515 | D        | Noticed a troll
   518 | D        | XOM: summons 3 friendly demons
   535 | D        | XOM: enchant monster (good)
   552 | D        | Killed a troll
   552 | D        | Reached skill level 5 in Stealth
   552 | D        | Your scales start taking on a rich purple colour.
   552 | D        | Reached skill level 5 in Spellcasting
   552 | D        | Reached XP level 7. HP: 40/69 MP: 15/15
   553 | D        | XOM: summons 3 friendly demons
   556 | D        | Reached skill level 9 in Fighting
   564 | D        | XOM: summons 2 friendly demons
   573 | D        | XOM: butterfly on damage
   574 | D        | Killed a two-headed ogre
   574 | D        | Reached skill level 10 in Fighting
   574 | D        | Reached skill level 5 in Throwing
   574 | D        | Reached XP level 8. HP: 13/79 MP: 15/17
   882 | D        | XOM: give mutation
   882 | D        | Gained mutation: Scrolls take you a little longer to read. [Xom's mischief]
   979 | D        | Lost mutation: Scrolls take you a little longer to read. [potion of mutation]
   979 | D        | Gained mutation: Your spells are a little harder to cast, but a little more powerful. [potion of mutation]
   979 | D        | Gained mutation: You have very sharp teeth. [potion of mutation]
  1002 | D        | Reached skill level 5 in Evocations
  1004 | D        | Noticed a spiny frog
  1011 | D        | Reached XP level 9. HP: 60/86 MP: 19/19
  1014 | D        | Reached skill level 10 in Long Blades
  1019 | D        | Killed a spiny frog
  1019 | D        | Reached skill level 11 in Fighting
  1035 | D        | HP: 4/89 [poisoned by a spiny frog]
  1040 | D        | HP: 4/89 [poisoned by a spiny frog]
  1045 | D        | HP: 3/89 [poisoned by a spiny frog]
  1053 | D        | HP: 3/89 [poisoned by a spiny frog]
  1516 | D        | Noticed a spiny frog
  1516 | D        | Noticed a six-headed hydra
  1516 | D        | Noticed a black mamba
  1516 | D        | Noticed a black mamba
  1516 | D        | Noticed a spiny frog
  1517 | D        | XOM: divination: detect creatures
  1523 | D        | Killed a spiny frog
  1527 | D        | Killed a three-headed hydra
  1530 | D        | Noticed a spiny frog
  1539 | D        | Killed a black mamba
  1539 | D        | Reached skill level 12 in Fighting
  1539 | D        | Reached skill level 10 in Dodging
  1539 | D        | Reached XP level 10. HP: 30/97 MP: 22/22
  1545 | D        | Slain by a black mamba

Vault maps used:
D:        linesprint

Skill      XL: |  1  2  3  4  5  6  7  8  9 |
---------------+----------------------------+-----
Fighting       | 4 6 7 8 10 12 | 12.0
Long Blades    | 4 5 6 8 9 11 | 11.1
Throwing       | 1 2 3 4 5 6 |  6.8
Dodging        | 3 4 5 7 8 10 | 10.1
Stealth        | 1 2 3 5 6 7 |  7.5
Spellcasting   | 1 2 3 5 6 7 8 |  8.2
Evocations     | 3 4 5 6 |  6.8

Action                   |  1- 3 |  4- 6 |  7- 9 | 10-12 || total
-------------------------+-------+-------+-------+-------++-------
Melee: Falchion          |    35 |       |       |       ||    35
       Tailslap          |     4 |     4 |    14 |     2 ||    24
       Scimitar          |       |    33 |    54 |     4 ||    91
       Bite              |       |       |     6 |       ||     6
Throw: Stone             |       |     7 |     1 |       ||     8
 Abil: Breathe Dispellin |       |       |     4 |       ||     4
Evoke: Wand              |       |     1 |       |       ||     1
  Use: Potion            |     2 |     2 |     4 |     2 ||    10
 Stab: Invisible         |     2 |       |       |       ||     2
  Eat: Bread ration      |       |       |     1 |       ||     1
Armor: Skin              |     6 |    15 |     8 |     1 ||    30
Dodge: Dodged            |    18 |    35 |    38 |     5 ||    96
       Rpst.: Falchion   |     7 |       |       |       ||     7
       Scimitar          |       |     7 |     8 |     2 ||    17

Table legend:
 A = Spawn XP
 B = Non-spawn XP
 C = Spawn XP percentage of total XP
 D = Spawn monster count
 E = Non-spawn monster count
 F = Spawn count percentage of total count
 G = Total turns spent on level
                    A         B        C        D         E        F      G
               +---------+---------+-------+---------+---------+-------+---------
         Total |       0 |    5536 |   0.0 |       0 |      35 |   0.0 |  1545
               +---------+---------+-------+---------+---------+-------+---------
             D |       0 |    5536 |   0.0 |       0 |      35 |   0.0 |  1545
               +---------+---------+-------+---------+---------+-------+---------
